 Dungeon Crawl Stone Soup version 0.29-a0-398-ge13fd1374b (webtiles) character file.

Game seed: 3278539953890222693

2018 bande the Chopper (level 9, -2/60 HPs)
             Began as a Gargoyle Fighter on May 13, 2022.
             Slain by a komodo dragon (7 damage)
             ... on level 6 of the Dungeon.
             The game lasted 00:11:39 (8116 turns).

bande the Chopper (Gargoyle Fighter)                Turns: 8116, Time: 00:11:40

Health: -2/60      AC: 19    Str: 20    XL:     9   Next: 23%
Magic:  9/9        EV:  7    Int:  9    God:
Gold:   342        SH:  6    Dex: 13    Spells: 7/8 levels left

rFire   . . .      SeeInvis .   a - +1 war axe
rCold   . . .      Faith    .   c - +1 buckler
rNeg    + . .      Spirit   .   i - +0 chain mail
rPois   ∞          Reflect  .   (helmet restricted)
rElec   +          Harm     .   g - +0 cloak
rCorr   .          Rampage  .   b - +0 pair of gloves
Will    .....                   (no boots)
Stlth   ..........              (no amulet)
HPRegen 0.20/turn               (no ring)
MPRegen 0.11/turn               (no ring)

@: no status effects
A: sickness immunity, AC +6, negative energy resistance 1, electricity
resistance, torment resistance 1, petrification resistance, horns 1, robust 1
a: no special abilities


You were on level 6 of the Dungeon.
You visited 1 branch of the dungeon, and saw 6 of its levels.
You also visited: Sewer.

You collected 342 gold pieces.

Inventory:

Hand Weapons
 a - a +1 war axe (weapon)
 x - a +3 flail
Armour
 b - a +0 pair of gloves (worn)
 c - a +1 buckler (worn)
 f - a +0 helmet
 g - a +0 cloak (worn)
 i - a +0 chain mail (worn)
Jewellery
 k - a ring of wizardry
 z - a ring of fire
Wands
 h - a wand of iceblast (12)
 m - a wand of charming (15)
 o - a wand of paralysis (6)
 r - a wand of digging (7)
Scrolls
 d - 2 scrolls of fear
 l - 2 scrolls of enchant armour
 n - 2 scrolls of blinking
 p - 4 scrolls of teleportation
 u - a scroll of enchant weapon
 v - 4 scrolls of identify
 y - 3 scrolls of silence
Potions
 e - 4 potions of brilliance
 j - a potion of magic
 q - a potion of ambrosia
 s - a potion of cancellation
 t - a potion of heal wounds
 w - a potion of flight


   Skills:
 + Level 5.7 Fighting
 + Level 7.1 Axes
 + Level 6.2 Armour
 + Level 5.0 Shields
 * Level 2.9 Translocations
 * Level 3.4 Evocations


You had 7 spell levels left.
You knew the following spells:

 Your Spells              Type           Power      Damage    Failure   Level
a - Apportation           Tloc           10%        N/A       82%         1

Your spell library contained the following spells:

 Spells                   Type           Power      Damage    Failure   Level
 Sandblast                Erth           0%         2d4       99%         1
 Summon Small Mammal      Summ           0%         N/A       99%         1
 Gell's Gravitas          Tloc           5%         N/A       99%         3
 Lesser Beckoning         Tloc           5%         N/A       99%         3
 Teleport Other           Tloc           5%         N/A       99%         3
 Passwall                 Tmut/Erth      0%         N/A       100%        2
 Call Canine Familiar     Summ           0%         N/A       100%        3
 Ignite Poison            Fire/Tmut/Pois 0%         N/A       100%        3
 Mephitic Cloud           Conj/Pois/Air  0%         N/A       100%        3
 Stone Arrow              Conj/Erth      0%         3d7       100%        3
 Summon Guardian Golem    Hex/Summ       0%         N/A       100%        3
 Alistair's Intoxication  Tmut/Pois      0%         N/A       100%        5
 Freezing Cloud           Conj/Ice/Air   0%         6-21      100%        5


Dungeon Overview and Level Annotations

Branches:
Dungeon (6/15)              Sewer (visited)
 Temple: D:4-7

Altars:
Kikubaaqudgha
Yredelemnul


Innate Abilities, Weirdness & Mutations

You are immune to sickness and miasma.
Your stone body is resilient. (AC +6)
You are immune to poison.
You resist negative energy. (rN+)
You are resistant to electric shocks. (rElec)
You are resistant to unholy torment.
You are immune to petrification.
You have a pair of small horns on your head.
You are robust. (+10% HP)


Message History

No target in view!
No target in view!
No target in view!
No target in view!
You see here a necrophage corpse.
Found a stone staircase leading up.
Found a stone staircase leading down.
No target in view!
There is a stone staircase leading up here.
You open the door.
Found 12 stones and a whip.
A komodo dragon comes into view.
There is an open door here.
You see here 12 stones.
The komodo dragon bites you but does no damage.
You barely miss the komodo dragon. The komodo dragon bites you!
You barely miss the komodo dragon. The komodo dragon bites you!!
You are too injured to fight recklessly!
You are too injured to fight recklessly!
You are too injured to fight recklessly!
You are too injured to fight recklessly!
You are too injured to fight recklessly!
You are too injured to fight recklessly!
You are too injured to fight recklessly!
You are too injured to fight recklessly!
You are too injured to fight recklessly!
You are too injured to fight recklessly!
You are too injured to fight recklessly!
You slash the komodo dragon!
The komodo dragon is moderately wounded.
The komodo dragon bites you. The komodo dragon bites you!!
* * * LOW HITPOINT WARNING * * *
You barely miss the komodo dragon.
You headbutt the komodo dragon, but do no damage.
The komodo dragon is lightly wounded.
The komodo dragon barely misses you.
You hit the komodo dragon.
The komodo dragon is moderately wounded.
The komodo dragon bites you!
You die...

#)# ##### #.# ##.## #)# #'## #.#
#.# ##...## #.# #.#### ##.....##
##)# ###....### ##.......##
##..#
###.........##)........####...##
.............'.........+.......#
###.###...#.##..l..!...####...##
#.# ..## # #.@.....# ##..# #.#
### ##(....## ##.# #.# ##...##
#.# #.# ##'## #.### #.. #.#
#...# ### #.# ###.# ##.## #.#
##...## #.# #.....##### #.#


You could see a komodo dragon.

Vanquished Creatures
  The ghost of qwertyui the Covered, an amateur MiFi of Ashenzari (D:5)
  A water moccasin (D:4)
  An orc warrior (D:3)
  2 hornet zombies (D:5)
  An ice beast (D:6)
  A kobold brigand (Sewer)
  4 necrophages
  A wyvern zombie (D:5)
  2 scorpions (D:5)
  2 water moccasin zombies (D:5)
  2 wights (D:5)
  2 howler monkeys
  2 bullfrog zombies (D:5)
  A human zombie (D:5)
  3 orc priests
  Crazy Yiuf (D:3)
  2 iguanas (D:5)
  Ijyb (D:3)
  3 orc wizards
  A mummy (D:5)
  6 adders
  A white imp (D:5)
  4 worms
  A dart slug (D:3)
  17 orcs
  6 endoplasms
  5 giant cockroaches
  2 hobgoblins
  8 jackals
  10 kobolds
  4 quokkas
  6 ball pythons
  3 bats
  3 frilled lizards
  2 goblins
  11 rats
123 creatures vanquished.

Vanquished Creatures (others)
  3 plants (D:1)
3 creatures vanquished.

Grand Total: 126 creatures vanquished

Notes
Turn   | Place    | Note
-------+----------+-------------------------------------------
     0 | D:1      | bande the Gargoyle Fighter began the quest for the Orb.
     0 | D:1      | Reached XP level 1. HP: 14/14 MP: 1/1
   597 | D:1      | Reached skill level 2 in Axes
   597 | D:1      | Reached XP level 2. HP: 10/19 MP: 2/2
  1799 | D:2      | Reached XP level 3. HP: 22/23 MP: 3/3
  1842 | D:2      | Found a faded altar of an unknown god.
  1867 | D:2      | Gained mutation: You are robust. (+10% HP) [potion of
                  | mutation]
  1867 | D:2      | Gained mutation: You have a pair of small horns on your
                  | head. [potion of mutation]
  2315 | D:2      | Reached XP level 4. HP: 29/31 MP: 4/4
  2545 | D:3      | Noticed an orc warrior
  2555 | D:3      | Killed an orc warrior
  2556 | D:3      | Reached skill level 3 in Axes
  2556 | D:3      | Reached XP level 5. HP: 13/36 MP: 5/5
  2943 | D:3      | Noticed Ijyb
  2960 | D:3      | Killed Ijyb
  2961 | D:3      | Reached XP level 6. HP: 37/41 MP: 6/6
  3386 | D:3      | Reached skill level 4 in Axes
  3788 | D:3      | Found a runed translucent door.
  3789 | D:3      | Noticed Crazy Yiuf
  4001 | D:3      | Killed Crazy Yiuf
  4208 | D:4      | Found a glowing drain.
  4226 | Sewer    | Entered a sewer
  4560 | Sewer    | Reached XP level 7. HP: 48/48 MP: 7/7
  4720 | D:4      | Reached skill level 5 in Axes
  4720 | D:4      | Reached skill level 1 in Evocations
  5450 | D:5      | Entered Level 5 of the Dungeon
  5542 | D:5      | Reached skill level 5 in Armour
  5580 | D:5      | Learned a level 1 spell: Apportation
  5860 | D:5      | Reached skill level 1 in Translocations
  5860 | D:5      | Reached XP level 8. HP: 52/52 MP: 8/8
  5869 | D:5      | Reached skill level 5 in Fighting
  6128 | D:5      | Reached skill level 6 in Axes
  6248 | D:5      | Found an ancient bone altar of Kikubaaqudgha.
  6658 | D:5      | Found a runed translucent gate.
  6658 | D:5      | Found a runed translucent gate.
  6658 | D:5      | Found a runed translucent gate.
  6658 | D:5      | Noticed qwertyui's ghost (amateur MiFi)
  6660 | D:5      | Found a basalt altar of Yredelemnul.
  7071 | D:5      | Killed qwertyui's ghost
  7072 | D:5      | Reached XP level 9. HP: 10/59 MP: 9/9
  7685 | D:6      | Reached skill level 7 in Axes
  8036 | D:6      | Reached skill level 5 in Shields
  8108 | D:6      | Noticed a komodo dragon
  8116 | D:6      | Slain by a komodo dragon

Illustrated notes

Levels and vault maps discovered:
D:1:      lightli_arrival_noodles, layout_basic, serial_bayou_lagoon_b
D:2:      layout_basic, shapermc_ecumenical_altar_acropolis
D:3:      layout_loops_ring, kennysheep_generic_room_11,
          uniq_crazy_yiuf_cottage, uniq_ijyb
D:4:      layout_basic, gup_sewer_entry_pipe
D:5:      layout_basic, nicolae_yredelemnul_ghost_church,
          lemuel_mausoleum_altar_kikubaaqudgha, patterned_corridor
D:6:      layout_loops_corners, hangedman_decor_opposing, dk_noncrumbling_3

Skill      XL: |  1  2  3  4  5  6  7  8  9 |
---------------+----------------------------+-----
Axes           | 2 3 4 5 6 7 |  7.1
Fighting       | 4 5 |  5.7
Armour         | 4 5 6 |  6.2
Shields        | 4 5 |  5.0
Evocations     | 2 3 |  3.4
Translocations | 1 2 |  2.9

Action                   |  1- 3 |  4- 6 |  7- 9 || total
-------------------------+-------+-------+-------++-------
Melee: War axe           |   104 |   154 |   225 ||   483
       Headbutt          |     5 |    17 |    54 ||    76
  Use: Scroll            |     3 |     8 |     5 ||    16
       Potion            |     1 |     6 |     3 ||    10
Armor: Scale mail        |    78 |     4 |       ||    82
       Chain mail        |       |    72 |   101 ||   173
       Skin              |       |    15 |       ||    15
Dodge: Dodged            |    61 |    43 |    57 ||   161
Block: Buckler           |    41 |    35 |    62 ||   138

Table legend: (Time is in decaauts)
 A = Elapsed time spent in this place.
 B = Non-inter-level travel time spent in this place.
 C = Inter-level travel time spent in this place.
 D = Time resting spent in this place.
 E = Time spent auto-exploring this place.
 F = Levels seen in this place.
 G = Mean time per level.
                   A        B        C        D        E       F      G
               +--------+--------+--------+--------+--------+-----+--------+
         Total |   8356 |   8330 |     26 |   1849 |   5038 |   7 | 1193.7 |
       Dungeon |   7848 |   7822 |     26 |   1849 |   4754 |   6 | 1308.0 |
         Sewer |    507 |    507 |      0 |      0 |    284 |   1 |  507.0 |
               +--------+--------+--------+--------+--------+-----+--------+

Top non-repeatable levels by time:
     D:5: 2253 daAuts
     D:1: 1643 daAuts
     D:3: 1573 daAuts
     D:4: 1022 daAuts
     D:2: 899 daAuts
   Sewer: 507 daAuts
     D:6: 455 daAuts
